 Dungeon Crawl Stone Soup version 0.31-a0-1074-g0b22e4e0f1 (webtiles) character file.

Game seed: 11828359851913732632

41 Jeffwins the Digger (level 3, -11/31 HPs)
             Began as a Troll Earth Elementalist on Nov 29, 2023.
             Mangled by a gnoll
             ... wielding a +0 halberd
              (14 damage)
             ... on level 2 of the Dungeon.
             The game lasted 00:01:56 (1040 turns).

Jeffwins the Digger (Troll Earth Elementalist)      Turns: 1040, Time: 00:01:57

Health: -11/31     AC:  4    Str: 16    XL:     3   Next: 32%
Magic:  4/4        EV:  9    Int: 13    God:
Gold:   45         SH:  0    Dex: 10    Spells: 4/5 levels left

rFire   . .          .
                       - Unarmed
rCold   . . .        (no shield)
rNeg    . . .        a - +0 robe
rPois   .            (helmet restricted)
rElec   .            (no cloak)
rCorr   .            (gloves unavailable)
SInv    .            (boots unavailable)
Will    .....        (no amulet)
Stlth   +            (no ring)
HPRegen 1.05/turn    (no ring)
MPRegen 0.09/turn

%: no passive effects
@: no status effects
A: large, unfitting armour, claws 3, regeneration 1, shaggy fur 1, tough skin 1
a: no special abilities


You were on level 2 of the Dungeon.
You visited 1 branch of the dungeon, and saw 2 of its levels.

You collected 59 gold pieces.
You spent 14 gold pieces at shops.


Innate Abilities, Weirdness & Mutations

You are too large for most types of armour.
You have claws for hands.
Your natural rate of healing is unusually fast.
You are covered in fur. (AC +1)
You have tough skin. (AC +1)


   Skills:
 - Level 1.5 Dodging
 - Level 1.0 Stealth
 * Level 2.0 Unarmed Combat
 + Level 1.5 Spellcasting
 - Level 0.6 Transmutations
 + Level 3.1 Earth Magic


You had 4 spell levels left.
You knew the following spells:

 Your Spells              Type           Power      Damage    Failure   Level
z - Sandblast             Erth           18%        2d7       8%          1

Your spell library contained the following spells:

 Spells                   Type           Power      Damage    Failure   Level
 Passwall                 Tmut/Erth      4%         N/A       19%         2
 Cigotuvi's Dreadful Rot  Necr/Pois/Air  2%         N/A       38%         2
 Stone Arrow              Conj/Erth      10%        3d7       38%         3
 Ignite Poison            Fire/Tmut/Pois 1%         N/A       58%         3
 Gell's Gravitas          Tloc           1%         N/A       63%         3
 Teleport Other           Tloc           1%         N/A       63%         3
 Petrify                  Tmut/Erth      5%         N/A       77%         4
 Brom's Barrelling Bould  Conj/Erth      5%         2d3       80%         4
 Freezing Cloud           Conj/Ice/Air   0%         6-21      100%        5
 Dispersal                Tloc           0%         N/A       100%        6

Inventory:

Armour
 a - a +0 robe (worn)
 e - an orb of wrath
Scrolls
 g - 2 scrolls of identify {unknown}
 h - a scroll of teleportation {unknown}
Potions
 b - a potion of magic
 d - a potion of curing {@q1}
 f - a potion of invisibility {unknown}

Dungeon Overview and Level Annotations

Branches:
Dungeon (2/15)

Altars:

Shops:
D:1 ?(!!

#..........+...........#.
#..........####........#.
##.......####.#.#.###.....
#..........###.#.#.#
....#.
#..............#..)##....#
#........................
#######....#.........
.......ggg†.......
.......@#.........
#........##........
###########........
.g.............
...............
...............
...g...........
######......... #.........


You could see 3 gnolls.


Message History

You open the door.
There is an open door here.
You start waiting.
A gnoll is nearby!
You claw the gnoll!
The gnoll is almost dead.
The gnoll hits you with a +0 halberd!
You closely miss the gnoll.
The gnoll is almost dead.
You barely miss the gnoll.
The gnoll is almost dead.
The gnoll hits you with a +0 halberd!
* * * LOW HITPOINT WARNING * * *
A gnoll comes into view. It is wielding a +0 whip.
The gnoll closely misses you.
You scratch the gnoll but do no damage.
The gnoll is almost dead.
The gnoll hits you with a +0 halberd.
* * * LOW HITPOINT WARNING * * *
The gnoll hits you with a +0 whip.
* * * LOW HITPOINT WARNING * * *
The gnoll barely misses you.
Unknown command.
It was a potion of curing.
You feel better. The gnoll completely misses you. The gnoll closely misses you.
The gnoll hits you with a +0 whip!
* * * LOW HITPOINT WARNING * * *
Unknown command.
It was a potion of cancellation.
You feel magically purged. The gnoll hits you with a +0 halberd!
You die...

Skill      XL: |  1  2  3 |
---------------+----------+-----
Unarmed Combat | 1 2 |  2.0
Earth Magic    | 3 |  3.1
Dodging        | |  1.5
Stealth        | |  1.0
Spellcasting   | |  1.5
Transmutations | |  0.6

Action                     || total
---------------------------++-------
  Melee: Unarmed           ||    64
         Punch             ||     1
    Use: Potion            ||     2
   Stab: Sleeping          ||     3
 Armour: Robe              ||    35
  Dodge: Dodged            ||    31

Levels and vault maps discovered:
D:1:      matt_arrival_refuge, layout_basic, serial_shops, nicolae_square_shop,
          shop, shop_statue, nicolae_shop_rolled_up,
          shapermc_ecumenical_altar_hornbeckon, minmay_tree_intersection
D:2:      layout_basic

Notes
Turn   | Place    | Note
-------+----------+-------------------------------------------
     0 | D:1      | Jeffwins the Troll Earth Elementalist began the quest for
                  | the Orb.
     0 | D:1      | Reached XP level 1. HP: 16/16 MP: 1/1
    78 | D:1      | Found Ythi's Weapon Boutique.
   160 | D:1      | Found Gelir's Magic Scroll Emporium.
   223 | D:1      | Found a faded altar of an unknown god.
   418 | D:1      | Reached skill level 1 in Unarmed Combat
   454 | D:1      | Reached XP level 2. HP: 22/24 MP: 3/3
   478 | D:1      | Found Xohad's Distillery.
   489 | D:1      | Bought a potion of degeneration for 14 gold pieces
   568 | D:1      | Found Suhupire's Distillery.
   934 | D:2      | Reached skill level 3 in Earth Magic
   944 | D:2      | Identified the +0 ring mail "Egotiv" {Int+6 Slay+3}
   998 | D:2      | Reached XP level 3. HP: 31/31 MP: 4/4
  1011 | D:2      | Reached skill level 2 in Unarmed Combat
  1039 | D:2      | HP: 2/31 [gnoll/+0 whip (8)]
  1040 | D:2      | Mangled by a gnoll

Vanquished Creatures
  An adder (D:2)
  3 worms (D:2)
  A dart slug (D:1)
  3 ball pythons (D:1)
  3 bats
  2 endoplasms (D:1)
  4 hobgoblins (D:1)
  2 kobolds (D:1)
  A frilled lizard (D:1)
  2 rats
22 creatures vanquished.

Table legend: (Time is in decaauts)
 A = Elapsed time spent in this place.
 B = Non-inter-level travel time spent in this place.
 C = Inter-level travel time spent in this place.
 D = Time resting spent in this place.
 E = Time spent auto-exploring this place.
 F = Levels seen in this place.
 G = Mean time per level.
                   A        B        C        D        E       F      G
               +--------+--------+--------+--------+--------+-----+--------+
         Total |   1038 |    968 |     70 |      4 |    759 |   2 |  519.0 |
       Dungeon |   1038 |    968 |     70 |      4 |    759 |   2 |  519.0 |
               +--------+--------+--------+--------+--------+-----+--------+

Top non-repeatable levels by time:
     D:1: 912 daAuts
     D:2: 125 daAuts

Table legend:
 A = Non-vault XP
 B = Vault XP
 C = Vault XP percentage of total XP
 D = Non-vault monster count
 E = Vault monster count
 F = Vault count percentage of total count
                 A         B        C        D         E       F
            +---------+---------+-------+---------+---------+-------
      Total |      59 |       0 |   0.0 |      22 |       0 |   0.0
            +---------+---------+-------+---------+---------+-------
        D:1 |      29 |       0 |   0.0 |      16 |       0 |   0.0
        D:2 |      30 |       0 |   0.0 |       6 |       0 |   0.0
            +---------+---------+-------+---------+---------+-------
